Demolitions vs Sewer Rats (R2)

Created - May 18, 2020 at 19:11

Goals
1 2 3 T
Demolitions 2 2 0 4
Sewer Rats 1 1 4 6
Shots
1 2 3 T
Demolitions 8 11 4 23
Sewer Rats 13 18 8 39

1st period

1. Sewer Rats , Dmitrij Jaskin 2 (Joseph Blandisi 1) at 10:17
2. Demolitions , Daultan Leveillé 1 (Taylor Beck 3, Robert Bortuzzo 1) at 10:31
3. Demolitions , J.T. Brown 3 (Lane MacDermid 2) at 15:05

Penalties :
Vincent Trocheck (Tol) for Holding (Minor) at 8:00, Vincent Trocheck (Tol) for Holding (Minor) at 10:49, Spencer Machacek (Vic) for Hooking (Minor) at 17:14

2nd period

4. Demolitions , J.T. Brown 4 (Andrej Nestrasil 4) at 0:32
5. Sewer Rats , Luke Witkowski 2 (Stefan Elliott 1) at 10:44
6. Demolitions , Taylor Beck 4 (Lane MacDermid 3, J.T. Brown 2) at 19:10

Penalties :
Joshua Leivo (Vic) for Hooking (Minor) at 3:14, Tomas Tatar (Tol) for Roughing (Minor) at 6:58, Dmitrij Jaskin (Tol) for Hooking (Minor) at 9:17, Jake Muzzin (Vic) for Roughing (Minor) at 10:30, Lane MacDermid (Vic) for Hooking (Minor) at 13:00, Lane MacDermid (Vic) for Hooking (Minor) at 17:00

3rd period

7. Sewer Rats , Vincent Trocheck 3 (Tomas Tatar 4, Mark Mancari 4) at 0:10
8. Sewer Rats , Vincent Trocheck 4 (Mark Mancari 5) at 2:15
9. Sewer Rats , Dmitrij Jaskin 3 (Joel Edmundson 1, Steven Kampfer 1) at 3:37
10. Sewer Rats , Tomas Tatar 2 (Vincent Trocheck 3, Stefan Elliott 2) at 19:37 (Empty Net)

Penalties :
Luke Witkowski (Tol) for Tripping (Minor) at 9:48, Daultan Leveillé (Vic) for Hooking (Minor) at 13:04

Goalie Stats

Alex Stalock (Vic), 33 saves from 38 shots - (0.868), L, 1-1-0, 59:18 minutes
Darcy Kuemper (Tol), 4 saves from 4 shots - (1.000), W, 1-1-0, 20:50 minutes
Marek Mazanek (Tol), 15 saves from 19 shots - (0.789), 39:10 minutes

Players Stats for Demolitions

Player Name              G  A  P  +/- PIM S  H  SB GA TA FO     MP     PP MP  PK MP  
------------------------------------------------------------------------------------
Aaron Palushaj           0  0  0  -1  0   0  1  0  0  0  0/0     4:54   0:00   0:00 
Alex Hutchings           0  0  0  -1  0   0  0  0  0  0  0/0     7:26   0:00   2:29 
Andrej Nestrasil         0  1  1   2  0   2  1  2  0  1  5/6    15:35   4:24   0:24 
Brendan Perlini          0  0  0   0  0   0  0  0  0  0  1/1     2:26   0:00   2:26 
Christoph Bertschy       0  0  0  -1  0   2  0  0  1  0  0/1     6:28   0:00   1:30 
Colton Sceviour          0  0  0   0  0   0  0  0  0  0  0/0     0:00   0:00   0:00 
Daultan Leveillé         1  0  1  -3  2   3  0  3  0  0  18/31  22:38   4:36   4:44 
Dennis Everberg          0  0  0  -1  0   1  1  0  0  0  0/1    10:37   0:06   0:00 
J.T. Brown               2  1  3   3  0   2  0  0  0  0  0/0    18:03   4:24   2:41 
Jake Muzzin              0  0  0  -1  2   1  1  1  0  1  0/0    26:42   4:39   5:36 
Joshua Leivo             0  0  0  -1  2   2  1  0  0  0  0/0    10:26   0:00   0:00 
Lane MacDermid           0  2  2   3  4   3  2  0  0  0  1/1    15:59   4:24   0:38 
Michael Ferland          0  0  0   0  0   0  1  0  0  0  0/0     0:22   0:09   0:00 
Mitch Callahan           0  0  0  -1  0   0  0  0  0  0  0/0     1:17   0:14   0:00 
Nick Pryor               0  0  0   0  0   0  0  0  0  0  0/0    11:22   0:06   0:19 
Phil McRae               0  0  0  -1  0   1  0  0  0  0  7/9    10:18   0:00   0:00 
Robert Bortuzzo          0  1  1  -2  0   0  1  1  0  0  0/0    27:52   4:34   6:15 
Ryan Pulock              0  0  0  -1  0   0  1  1  1  0  0/0    21:39   4:29   4:50 
Spencer Machacek         0  0  0  -2  2   3  0  1  2  2  3/9    21:43   4:34   4:43 
Taylor Aronson           0  0  0  -1  0   0  3  2  0  0  0/0    21:51   4:29   4:53 
Taylor Beck              1  1  2  -1  0   2  2  1  1  0  0/2    19:48   4:36   2:41 
Tommy Vannelli           0  0  0   1  0   1  1  0  0  0  0/0    10:34   0:00   0:23 
Tyler Graovac            0  0  0   0  0   0  0  0  0  0  0/0     0:00   0:00   0:00 

Players Stats for Sewer Rats

Player Name              G  A  P  +/- PIM S  H  SB GA TA FO     MP     PP MP  PK MP  
------------------------------------------------------------------------------------
Anthony Duclair          0  0  0  -1  0   3  1  2  0  0  0/0    14:34   0:00   2:35 
Connor Carrick           0  0  0   0  0   0  0  0  0  0  0/0     3:02   0:00   0:03 
Daniel Carr              0  0  0  -2  0   3  1  0  1  1  0/1    18:01   5:03   1:31 
Dmitrij Jaskin           2  0  2   1  2   5  1  0  0  0  0/1     8:07   0:26   0:00 
Erik Condra              0  0  0  -1  0   2  2  0  0  0  0/0    11:48   0:09   2:30 
Jared McCann             0  0  0   2  0   1  0  0  0  0  3/7     6:04   0:00   0:00 
Jarred Tinordi           0  0  0   0  0   5  2  0  0  1  0/0    28:46   6:43   4:39 
Joel Edmundson           0  1  1   1  0   1  0  0  0  0  0/0    21:03   4:25   4:27 
John Ramage              0  0  0   1  0   1  0  0  0  0  0/0     7:39   0:00   0:03 
Jonathan Marchessault    0  0  0  -1  0   1  1  0  0  0  5/7    14:08   5:03   0:00 
Joseph Blandisi          0  1  1   2  0   1  0  0  1  0  0/1     6:48   0:00   0:00 
Luke Witkowski           1  0  1   0  2   2  2  0  1  1  0/2    18:53   5:09   3:51 
Mark Mancari             0  2  2   3  0   2  2  0  0  0  3/8    22:01   5:45   4:46 
Nick Cousins             0  0  0  -1  0   4  0  0  0  0  2/8    10:34   0:09   0:05 
Ryan Murphy              0  0  0   1  0   0  1  0  0  0  0/0     7:09   0:00   0:00 
Stefan Elliott           0  2  2   0  0   2  1  2  0  0  0/0    28:46   6:43   4:39 
Steven Kampfer           0  1  1   1  0   0  2  0  0  1  0/0    21:03   4:25   4:27 
Tomas Tatar              1  1  2   2  2   4  1  0  0  0  1/2    18:58   5:50   2:06 
Vincent Trocheck         2  1  3   1  4   2  1  0  1  1  12/24  20:04   5:50   0:54 
Xavier Ouellet           0  0  0   0  0   0  0  0  0  0  0/0     2:32   0:00   0:00 

3 Stars

1 - J.T. Brown (Vic)
2 - Vincent Trocheck (Tol)
3 - Mark Mancari (Tol)

Power Play

Demolitions - 0 on 5 Attempt(s) - 0.00%
Sewer Rats - 0 on 6 Attempt(s) - 0.00%

Penalty Kill

Demolitions - 6 on 6 Attempt(s) - 100.00% - Score 0 goal in Penalty Kill
Sewer Rats - 5 on 5 Attempt(s) - 100.00% - Score 0 goal in Penalty Kill

Team Stat

Demolitions - Hits : 16 - Faceoff Wins : 35 - Blocked Shots : 12 - Penalty Minutes : 12
Sewer Rats - Hits : 18 - Faceoff Wins : 26 - Blocked Shots : 4 - Penalty Minutes : 10

Official

Referees : Unknown
Linesman : Unknown

Game Notes

Darcy Kuemper enters game at 19:10 of 2nd period
Tomas Tatar has scored in a empty net!

Finance

Level 1 -- Attendance: 1675 (83.75%) -- Ticket Income $58,625
Level 2 -- Attendance: 1000 (100.00%) -- Ticket Income $17,000
Total Attendance: 2675 (89.17%)
Total Ticket Income: $75,625
Other Income: $3,781
Total Income: $79,406

Demolitions

5 vs 5 Forward 
   Center                   Left Wing                Right Wing               Time % Phy DF OF 
 1 Daultan Leveillé         Taylor Beck              Spencer Machacek         40     1   2  2  
 2 Andrej Nestrasil         Lane MacDermid           J.T. Brown               30     1   2  2  
 3 Phil McRae               Joshua Leivo             Dennis Everberg          20     1   2  2  
 4 Christoph Bertschy       Alex Hutchings           Aaron Palushaj           10     1   2  2  

5 vs 5 Defense 
   Defense                  Defense                                           Time % Phy DF OF 
 1 Jake Muzzin              Robert Bortuzzo                                   40     1   2  2  
 2 Ryan Pulock              Taylor Aronson                                    30     1   2  2  
 3 Nick Pryor               Tommy Vannelli                                    20     1   2  2  
 4 Jake Muzzin              Robert Bortuzzo                                   10     1   2  2  

PowerPlay Forward 
   Center                   Left Wing                Right Wing               Time % Phy DF OF 
 1 Daultan Leveillé         Taylor Beck              Spencer Machacek         60     1   2  2  
 2 Andrej Nestrasil         Lane MacDermid           J.T. Brown               40     1   2  2  

PowerPlay Defense
   Defense                  Defense                                           Time % Phy DF OF 
 1 Jake Muzzin              Robert Bortuzzo                                   60     1   2  2  
 2 Ryan Pulock              Taylor Aronson                                    40     1   2  2  

Penalty Kill 4 Players Forward 
   Center                   Wing                     Time % Phy DF OF 
 1 Spencer Machacek         Daultan Leveillé         60     1   2  2  
 2 Taylor Beck              J.T. Brown               40     1   2  2  

Penalty Kill 4 Players Defense
   Defense                  Defense                  Time % Phy DF OF 
 1 Jake Muzzin              Robert Bortuzzo          60     1   2  2  
 2 Ryan Pulock              Taylor Aronson           40     1   2  2  

Penalty Kill - 3 Players Forward 
   Forward                                           Time % Phy DF OF 
 1 Spencer Machacek                                  60     1   2  2  
 2 Daultan Leveillé                                  40     1   2  2  

Penalty Kill - 3 Players Defense
   Defense                  Defense                  Time % Phy DF OF 
 1 Jake Muzzin              Robert Bortuzzo          60     1   2  2  
 2 Ryan Pulock              Taylor Aronson           40     1   2  2  

4 vs 4 Forward 
   Center                   Wing                     Time % Phy DF OF 
 1 Spencer Machacek         Daultan Leveillé         60     1   2  2  
 2 Taylor Beck              J.T. Brown               40     1   2  2  

4 vs 4 Defense
   Defense                  Defense                  Time % Phy DF OF 
 1 Jake Muzzin              Robert Bortuzzo          60     1   2  2  
 2 Ryan Pulock              Taylor Aronson           40     1   2  2  

Last Minutes Offensive
   Center                   Left Wing                Right Wing               Defense                  Defense                  
   Daultan Leveillé         Taylor Beck              Spencer Machacek         Jake Muzzin              Robert Bortuzzo          

Last Minutes Defensive
   Center                   Left Wing                Right Wing               Defense                  Defense                  
   Daultan Leveillé         Taylor Beck              Spencer Machacek         Jake Muzzin              Robert Bortuzzo          

Goaltenders
Starting : Alex Stalock             
Backup : Antti Raanta             

Extra Forwards
Normal : Mitch Callahan, Michael Ferland, Brendan Perlini - PP : Mitch Callahan, Michael Ferland - PK : Brendan Perlini
Extra Defensemen
Normal : Nick Pryor, Tommy Vannelli, Ryan Pulock - PP : Nick Pryor - PK : Tommy Vannelli, Ryan Pulock
Penalty Shots
Spencer Machacek, Daultan Leveillé, Taylor Beck, J.T. Brown, Dennis Everberg

Scratches
Thomas DiPauli (Healthy), Taylor Leier (Healthy), Nikita Tryamkin (Left Forearm Injury), Jared Staal (Healthy), Michael Prapavessis (Healthy)
Jaedon Descheneau (Healthy), Jake Paterson (Healthy), Francois Tremblay (Healthy), Brandon Halverson (Healthy)

Sewer Rats

5 vs 5 Forward 
   Center                   Left Wing                Right Wing               Time % Phy DF OF 
 1 Vincent Trocheck         Tomas Tatar              Mark Mancari             40     1   2  2  
 2 Jonathan Marchessault    Daniel Carr              Luke Witkowski           30     1   2  2  
 3 Nick Cousins             Anthony Duclair          Erik Condra              20     1   2  2  
 4 Jared McCann             Joseph Blandisi          Dmitrij Jaskin           10     1   2  2  

5 vs 5 Defense 
   Defense                  Defense                                           Time % Phy DF OF 
 1 Jarred Tinordi           Stefan Elliott                                    40     1   2  2  
 2 Steven Kampfer           Joel Edmundson                                    30     1   2  2  
 3 Ryan Murphy              John Ramage                                       20     1   2  2  
 4 Connor Carrick           Xavier Ouellet                                    10     1   2  2  

PowerPlay Forward 
   Center                   Left Wing                Right Wing               Time % Phy DF OF 
 1 Vincent Trocheck         Tomas Tatar              Mark Mancari             60     1   2  2  
 2 Jonathan Marchessault    Daniel Carr              Luke Witkowski           40     1   2  2  

PowerPlay Defense
   Defense                  Defense                                           Time % Phy DF OF 
 1 Jarred Tinordi           Stefan Elliott                                    60     1   2  2  
 2 Steven Kampfer           Joel Edmundson                                    40     1   2  2  

Penalty Kill 4 Players Forward 
   Center                   Wing                     Time % Phy DF OF 
 1 Mark Mancari             Luke Witkowski           60     1   2  2  
 2 Tomas Tatar              Erik Condra              40     1   2  2  

Penalty Kill 4 Players Defense
   Defense                  Defense                  Time % Phy DF OF 
 1 Jarred Tinordi           Stefan Elliott           60     1   2  2  
 2 Steven Kampfer           Joel Edmundson           40     1   2  2  

Penalty Kill - 3 Players Forward 
   Forward                                           Time % Phy DF OF 
 1 Mark Mancari                                      60     1   2  2  
 2 Luke Witkowski                                    40     1   2  2  

Penalty Kill - 3 Players Defense
   Defense                  Defense                  Time % Phy DF OF 
 1 Jarred Tinordi           Stefan Elliott           60     1   2  2  
 2 Steven Kampfer           Joel Edmundson           40     1   2  2  

4 vs 4 Forward 
   Center                   Wing                     Time % Phy DF OF 
 1 Mark Mancari             Luke Witkowski           60     1   2  2  
 2 Tomas Tatar              Erik Condra              40     1   2  2  

4 vs 4 Defense
   Defense                  Defense                  Time % Phy DF OF 
 1 Jarred Tinordi           Stefan Elliott           60     1   2  2  
 2 Steven Kampfer           Joel Edmundson           40     1   2  2  

Last Minutes Offensive
   Center                   Left Wing                Right Wing               Defense                  Defense                  
   Vincent Trocheck         Tomas Tatar              Mark Mancari             Jarred Tinordi           Stefan Elliott           

Last Minutes Defensive
   Center                   Left Wing                Right Wing               Defense                  Defense                  
   Vincent Trocheck         Tomas Tatar              Mark Mancari             Jarred Tinordi           Stefan Elliott           

Goaltenders
Starting : Marek Mazanek            
Backup : Darcy Kuemper            

Extra Forwards
Normal : Dmitrij Jaskin, Nick Cousins, Anthony Duclair - PP : Dmitrij Jaskin, Nick Cousins - PK : Anthony Duclair
Extra Defensemen
Normal : Ryan Murphy, John Ramage, Connor Carrick - PP : Ryan Murphy - PK : John Ramage, Connor Carrick
Penalty Shots
Mark Mancari, Luke Witkowski, Tomas Tatar, Erik Condra, Vincent Trocheck

Scratches
Dominik Kubalik (Healthy), Josh Archibald (Healthy), Jonathan Racine (Healthy), Tyler Motte (Healthy), Chris Calhan (Healthy)
Mark Friedman (Healthy), Michael Dal Colle (Healthy), Matteson Iacopelli (Healthy), Sergei Kostenko (Healthy), Antoine Bibeau (Healthy)

% Time on Ice - Demolitions

Lines # - Real PCT - Wanted PCT - Time Play
Normal Forward
1 - 31% - 40% - 11:57
2 - 29% - 30% - 10:58
3 - 27% - 20% - 10:18
4 - 13% - 10% - 4:54
Normal Defense
1 - 40% - 40% - 15:13
2 - 30% - 30% - 11:30
3 - 26% - 20% - 10:01
4 - 4% - 10% - 1:23
PP Forward
1 - 52% - 60% - 4:45
2 - 48% - 40% - 4:24
PP Defense
1 - 51% - 60% - 4:40
2 - 49% - 40% - 4:29
PK Forward
1 - 76% - 60% - 8:27
2 - 24% - 40% - 2:41
PK Defense
1 - 57% - 60% - 6:18
2 - 43% - 40% - 4:50
PK3 Forward
1 - 0% - 60%
2 - 0% - 40%
PK3 Defense
1 - 0% - 60%
2 - 0% - 40%
44 Forward
1 - 100% - 60% - 0:46
2 - 0% - 40% - 0:00
44 Defense
1 - 100% - 60% - 0:46
2 - 0% - 40% - 0:00
Last Minute Offensive  - 0:50
Last Minute Defensive  - 0:00
Total
Forward - 60:00
Defense - 60:00

% Time on Ice - Sewer Rats

Lines # - Real PCT - Wanted PCT - Time Play
Normal Forward
1 - 33% - 40% - 12:34
2 - 28% - 30% - 10:39
3 - 23% - 20% - 8:49
4 - 16% - 10% - 6:04
Normal Defense
1 - 43% - 40% - 16:14
2 - 32% - 30% - 12:11
3 - 19% - 20% - 7:09
4 - 7% - 10% - 2:32
PP Forward
1 - 55% - 60% - 6:05
2 - 45% - 40% - 5:03
PP Defense
1 - 60% - 60% - 6:43
2 - 40% - 40% - 4:25
PK Forward
1 - 73% - 60% - 6:39
2 - 27% - 40% - 2:30
PK Defense
1 - 51% - 60% - 4:42
2 - 49% - 40% - 4:27
PK3 Forward
1 - 0% - 60%
2 - 0% - 40%
PK3 Defense
1 - 0% - 60%
2 - 0% - 40%
44 Forward
1 - 100% - 60% - 0:46
2 - 0% - 40% - 0:00
44 Defense
1 - 100% - 60% - 0:46
2 - 0% - 40% - 0:00
Last Minute Offensive  - 0:00
Last Minute Defensive  - 0:51
Total
Forward - 60:00
Defense - 60:00

Play-by-Play

1st period


0:01 of 1st period - Daultan Leveillé wins face-off versus Vincent Trocheck in neutral zone.
0:47 of 1st period - Backhand shot by Nick Cousins.
0:47 of 1st period - Deflect By Anthony Duclair.
0:47 of 1st period - Stopped by Alex Stalock with a rebound.
1:36 of 1st period - Slapshot by Tomas Tatar.
1:36 of 1st period - Stopped by Alex Stalock with a rebound.
2:13 of 1st period - Wrist shot by Erik Condra.
2:13 of 1st period - Shot Misses the Net.
2:57 of 1st period - Tommy Vannelli is hit by Ryan Murphy.
3:01 of 1st period - Mark Mancari is hit by Taylor Beck and loses puck.
3:33 of 1st period - Snap shot by Erik Condra.
3:33 of 1st period - Shot Misses the Net.
3:35 of 1st period - Snap shot by Nick Cousins.
3:35 of 1st period - Shot Blocked by Jake Muzzin.
3:37 of 1st period - Snap shot by Erik Condra.
3:37 of 1st period - Stopped by Alex Stalock without a rebound.
3:38 of 1st period - Daultan Leveillé wins face-off versus Nick Cousins in Demolitions zone.
3:46 of 1st period - Off-side.
3:47 of 1st period - Vincent Trocheck wins face-off versus Daultan Leveillé in neutral zone.
3:52 of 1st period - Wrist shot by Mark Mancari.
3:52 of 1st period - Shot Misses the Net.
4:04 of 1st period - Snap shot by Taylor Beck.
4:04 of 1st period - Shot Misses the Net.
4:35 of 1st period - Off-side.
4:36 of 1st period - Jonathan Marchessault wins face-off versus Andrej Nestrasil in neutral zone.
4:39 of 1st period - Slapshot by Daniel Carr.
4:39 of 1st period - Stopped by Alex Stalock with a rebound.
4:41 of 1st period - Slapshot by Daniel Carr.
4:41 of 1st period - Shot Misses the Net.
5:01 of 1st period - Nick Cousins is hit by Dennis Everberg.
5:51 of 1st period - Slapshot by Daniel Carr.
5:51 of 1st period - Stopped by Alex Stalock with a rebound.
5:53 of 1st period - Slapshot by Jarred Tinordi.
5:53 of 1st period - Stopped by Alex Stalock with a rebound.
6:26 of 1st period - Snap shot by Nick Cousins.
6:26 of 1st period - Shot Misses the Net.
6:58 of 1st period - Snap shot by Alex Hutchings.
6:58 of 1st period - Shot Misses the Net.
7:32 of 1st period - Wrist shot by Dmitrij Jaskin.
7:32 of 1st period - Shot Blocked by Taylor Aronson.
7:34 of 1st period - Slapshot by Ryan Murphy.
7:34 of 1st period - Shot Blocked by Taylor Beck.
7:36 of 1st period - Wrist shot by Jared McCann.
7:36 of 1st period - Stopped by Alex Stalock with a rebound.
7:38 of 1st period - Slapshot by Ryan Murphy.
7:38 of 1st period - Shot Misses the Net.
7:40 of 1st period - Snap shot by Jared McCann.
7:40 of 1st period - Shot Blocked by Spencer Machacek.
7:42 of 1st period - Slapshot by John Ramage.
7:42 of 1st period - Stopped by Alex Stalock without a rebound.
7:43 of 1st period - Phil McRae wins face-off versus Vincent Trocheck in Demolitions zone.
7:58 of 1st period - Wrist shot by Joshua Leivo.
7:58 of 1st period - Stopped by Marek Mazanek with a rebound.
8:00 of 1st period - Minor Penalty to Vincent Trocheck for Holding.
8:01 of 1st period - Daultan Leveillé wins face-off versus Mark Mancari in Sewer Rats zone.
8:36 of 1st period - Off-side.
8:37 of 1st period - Lane MacDermid wins face-off versus Tomas Tatar in neutral zone.
8:52 of 1st period - Stefan Elliott is hit by Andrej Nestrasil and loses puck.
10:00 of 1st period - Penalty to Vincent Trocheck is over, Vincent Trocheck is back on ice.
10:07 of 1st period - Snap shot by Dmitrij Jaskin.
10:07 of 1st period - Stopped by Alex Stalock with a rebound.
10:17 of 1st period - Snap shot by Dmitrij Jaskin.
10:17 of 1st period - Goal by Dmitrij Jaskin - Demolitions : 0 - Sewer Rats : 1.
10:18 of 1st period - Vincent Trocheck wins face-off versus Daultan Leveillé in neutral zone.
10:23 of 1st period - Slapshot by Tomas Tatar.
10:23 of 1st period - Shot Blocked by Daultan Leveillé.
10:31 of 1st period - Wrist shot by Daultan Leveillé.
10:31 of 1st period - Deflect By Mark Mancari.
10:31 of 1st period - Goal by Daultan Leveillé - Demolitions : 1 - Sewer Rats : 1.
10:32 of 1st period - Daultan Leveillé wins face-off versus Vincent Trocheck in neutral zone.
10:34 of 1st period - Off-side.
10:35 of 1st period - Vincent Trocheck wins face-off versus Daultan Leveillé in neutral zone.
10:47 of 1st period - Wrist shot by Spencer Machacek.
10:47 of 1st period - Stopped by Marek Mazanek with a rebound.
10:49 of 1st period - Minor Penalty to Vincent Trocheck for Holding.
10:50 of 1st period - Daultan Leveillé wins face-off versus Mark Mancari in Sewer Rats zone.
10:55 of 1st period - Snap shot by Taylor Beck.
10:55 of 1st period - Shot Misses the Net.
11:15 of 1st period - Jake Muzzin is hit by Erik Condra and loses puck.
12:22 of 1st period - Daultan Leveillé is hit by Stefan Elliott and loses puck.
12:39 of 1st period - J.T. Brown is hit by Jarred Tinordi and loses puck.
12:49 of 1st period - Penalty to Vincent Trocheck is over, Vincent Trocheck is back on ice.
13:08 of 1st period - Backhand shot by Vincent Trocheck.
13:08 of 1st period - Deflect By Anthony Duclair.
13:08 of 1st period - Stopped by Alex Stalock with a rebound.
14:35 of 1st period - Slapshot by Steven Kampfer.
14:35 of 1st period - Shot Misses the Net.
14:43 of 1st period - Snap shot by Vincent Trocheck.
14:43 of 1st period - Shot Misses the Net.
15:03 of 1st period - Wrist shot by Lane MacDermid.
15:03 of 1st period - Stopped by Marek Mazanek with a rebound.
15:05 of 1st period - Snap shot by J.T. Brown.
15:05 of 1st period - Goal by J.T. Brown - Demolitions : 2 - Sewer Rats : 1.
15:06 of 1st period - Daultan Leveillé wins face-off versus Jared McCann in neutral zone.
15:13 of 1st period - Wrist shot by Dmitrij Jaskin.
15:13 of 1st period - Stopped by Alex Stalock without a rebound.
15:14 of 1st period - Daultan Leveillé wins face-off versus Joseph Blandisi in Demolitions zone.
15:19 of 1st period - Stefan Elliott is hit by Taylor Beck and loses puck.
15:24 of 1st period - Snap shot by Taylor Beck.
15:24 of 1st period - Deflect By Daultan Leveillé.
15:24 of 1st period - Shot Misses the Net.
15:24 of 1st period - Puck is out of play.
15:25 of 1st period - Daultan Leveillé wins face-off versus Jared McCann in Sewer Rats zone.
15:28 of 1st period - Wrist shot by Taylor Beck.
15:28 of 1st period - Shot Blocked by Stefan Elliott.
15:30 of 1st period - Slapshot by Spencer Machacek.
15:30 of 1st period - Stopped by Marek Mazanek without a rebound.
15:31 of 1st period - Daultan Leveillé wins face-off versus Jared McCann in Sewer Rats zone.
15:58 of 1st period - Icing by Jarred Tinordi.
15:59 of 1st period - Jared McCann wins face-off versus Phil McRae in Sewer Rats zone.
15:59 of 1st period - Jared McCann is hit by Tommy Vannelli.
16:26 of 1st period - Slapshot by Jarred Tinordi.
16:26 of 1st period - Deflect By Phil McRae.
16:26 of 1st period - Stopped by Alex Stalock without a rebound.
16:27 of 1st period - Daultan Leveillé wins face-off versus Vincent Trocheck in Demolitions zone.
16:42 of 1st period - Snap shot by Taylor Beck.
16:42 of 1st period - Deflect By Daultan Leveillé.
16:42 of 1st period - Stopped by Marek Mazanek without a rebound.
16:43 of 1st period - Phil McRae wins face-off versus Daniel Carr in Sewer Rats zone.
16:46 of 1st period - Wrist shot by Phil McRae.
16:46 of 1st period - Shot Blocked by Stefan Elliott.
16:52 of 1st period - Snap shot by Dennis Everberg.
16:52 of 1st period - Stopped by Marek Mazanek with a rebound.
17:14 of 1st period - Minor Penalty to Spencer Machacek for Hooking.
17:15 of 1st period - Brendan Perlini wins face-off versus Vincent Trocheck in Demolitions zone.
18:34 of 1st period - Jake Muzzin is hit by Luke Witkowski.
19:14 of 1st period - Penalty to Spencer Machacek is over, Spencer Machacek is back on ice.
19:20 of 1st period - Dennis Everberg is hit by Anthony Duclair and loses puck.
19:46 of 1st period - Snap shot by Dmitrij Jaskin.
19:46 of 1st period - Shot Blocked by Andrej Nestrasil.
19:48 of 1st period - Snap shot by Jared McCann.
19:48 of 1st period - Shot Blocked by Andrej Nestrasil.
Goals for this period are 2 for Demolitions vs 1 for Sewer Rats.
Shots for this period are 8 for Demolitions vs 13 for Sewer Rats.

2nd period


0:01 of 2nd period - Jonathan Marchessault wins face-off versus Daultan Leveillé in neutral zone.
0:04 of 2nd period - Wrist shot by Jarred Tinordi.
0:04 of 2nd period - Shot Blocked by Robert Bortuzzo.
0:14 of 2nd period - Wrist shot by Daniel Carr.
0:14 of 2nd period - Stopped by Alex Stalock with a rebound.
0:30 of 2nd period - Icing by Jarred Tinordi.
0:31 of 2nd period - Andrej Nestrasil wins face-off versus Jonathan Marchessault in Sewer Rats zone.
0:32 of 2nd period - Wrist shot by J.T. Brown.
0:32 of 2nd period - Goal by J.T. Brown - Demolitions : 3 - Sewer Rats : 1.
0:33 of 2nd period - Jonathan Marchessault wins face-off versus Taylor Beck in neutral zone.
0:44 of 2nd period - Wrist shot by Jonathan Marchessault.
0:44 of 2nd period - Stopped by Alex Stalock with a rebound.
0:46 of 2nd period - Slapshot by Stefan Elliott.
0:46 of 2nd period - Stopped by Alex Stalock without a rebound.
0:47 of 2nd period - Jonathan Marchessault wins face-off versus Daultan Leveillé in Demolitions zone.
1:12 of 2nd period - Lane MacDermid is hit by Jarred Tinordi and loses puck.
1:19 of 2nd period - Slapshot by Mark Mancari.
1:19 of 2nd period - Stopped by Alex Stalock with a rebound.
1:21 of 2nd period - Wrist shot by Tomas Tatar.
1:21 of 2nd period - Stopped by Alex Stalock with a rebound.
1:23 of 2nd period - Slapshot by Joel Edmundson.
1:23 of 2nd period - Deflect By Andrej Nestrasil.
1:23 of 2nd period - Stopped by Alex Stalock with a rebound.
1:53 of 2nd period - Snap shot by Jake Muzzin.
1:53 of 2nd period - Stopped by Marek Mazanek without a rebound.
1:54 of 2nd period - Jared McCann wins face-off versus Christoph Bertschy in Sewer Rats zone.
2:01 of 2nd period - Snap shot by Dmitrij Jaskin.
2:01 of 2nd period - Shot Blocked by Ryan Pulock.
2:03 of 2nd period - Slapshot by Jarred Tinordi.
2:03 of 2nd period - Shot Misses the Net.
2:05 of 2nd period - Slapshot by Stefan Elliott.
2:05 of 2nd period - Stopped by Alex Stalock with a rebound.
2:07 of 2nd period - Slapshot by Jarred Tinordi.
2:07 of 2nd period - Stopped by Alex Stalock without a rebound.
2:08 of 2nd period - Daultan Leveillé wins face-off versus Jonathan Marchessault in Demolitions zone.
2:33 of 2nd period - Wrist shot by Nick Cousins.
2:33 of 2nd period - Deflect By Anthony Duclair.
2:33 of 2nd period - Stopped by Alex Stalock with a rebound.
2:35 of 2nd period - Slapshot by Erik Condra.
2:35 of 2nd period - Stopped by Alex Stalock with a rebound.
2:37 of 2nd period - Wrist shot by Erik Condra.
2:37 of 2nd period - Deflect By Nick Cousins.
2:37 of 2nd period - Stopped by Alex Stalock without a rebound.
2:38 of 2nd period - Andrej Nestrasil wins face-off versus Nick Cousins in Demolitions zone.
2:38 of 2nd period - Andrej Nestrasil is hit by Erik Condra.
3:04 of 2nd period - Jake Muzzin is hit by Steven Kampfer and loses puck.
3:14 of 2nd period - Minor Penalty to Joshua Leivo for Hooking.
3:15 of 2nd period - Spencer Machacek wins face-off versus Vincent Trocheck in Demolitions zone.
4:49 of 2nd period - Steven Kampfer is hit by Ryan Pulock and loses puck.
5:14 of 2nd period - Penalty to Joshua Leivo is over, Joshua Leivo is back on ice.
5:22 of 2nd period - Snap shot by Nick Cousins.
5:22 of 2nd period - Deflect By Dmitrij Jaskin.
5:22 of 2nd period - Stopped by Alex Stalock without a rebound.
5:23 of 2nd period - Andrej Nestrasil wins face-off versus Nick Cousins in Demolitions zone.
6:41 of 2nd period - Wrist shot by Tomas Tatar.
6:41 of 2nd period - Stopped by Alex Stalock without a rebound.
6:42 of 2nd period - Andrej Nestrasil wins face-off versus Nick Cousins in Demolitions zone.
6:55 of 2nd period - Snap shot by Lane MacDermid.
6:55 of 2nd period - Stopped by Marek Mazanek without a rebound.
6:56 of 2nd period - Vincent Trocheck wins face-off versus Daultan Leveillé in Sewer Rats zone.
6:58 of 2nd period - Minor Penalty to Tomas Tatar for Roughing.
6:59 of 2nd period - Daultan Leveillé wins face-off versus Mark Mancari in Sewer Rats zone.
7:35 of 2nd period - Wrist shot by Andrej Nestrasil.
7:35 of 2nd period - Stopped by Marek Mazanek with a rebound.
7:39 of 2nd period - Slapshot by Lane MacDermid.
7:39 of 2nd period - Shot Blocked by Anthony Duclair.
8:58 of 2nd period - Penalty to Tomas Tatar is over, Tomas Tatar is back on ice.
9:17 of 2nd period - Minor Penalty to Dmitrij Jaskin for Hooking.
9:18 of 2nd period - Andrej Nestrasil wins face-off versus Luke Witkowski in Sewer Rats zone.
10:30 of 2nd period - Minor Penalty to Jake Muzzin for Roughing.
10:31 of 2nd period - Spencer Machacek wins face-off versus Mark Mancari in Demolitions zone.
10:32 of 2nd period - Icing by Robert Bortuzzo.
10:33 of 2nd period - Mark Mancari wins face-off versus Spencer Machacek in Demolitions zone.
10:44 of 2nd period - Wrist shot by Luke Witkowski.
10:44 of 2nd period - Goal by Luke Witkowski - Demolitions : 3 - Sewer Rats : 2.
10:45 of 2nd period - Mark Mancari wins face-off versus Spencer Machacek in neutral zone.
10:48 of 2nd period - Wrist shot by Jarred Tinordi.
10:48 of 2nd period - Stopped by Alex Stalock with a rebound.
10:50 of 2nd period - Wrist shot by Stefan Elliott.
10:50 of 2nd period - Deflect By Mark Mancari.
10:50 of 2nd period - Shot Misses the Net.
10:50 of 2nd period - Puck is out of play.
10:51 of 2nd period - Mark Mancari wins face-off versus Spencer Machacek in Demolitions zone.
10:52 of 2nd period - Wrist shot by Luke Witkowski.
10:52 of 2nd period - Shot Misses the Net.
10:54 of 2nd period - Slapshot by Jarred Tinordi.
10:54 of 2nd period - Shot Misses the Net.
11:00 of 2nd period - Snap shot by Mark Mancari.
11:00 of 2nd period - Stopped by Alex Stalock with a rebound.
11:02 of 2nd period - Snap shot by Luke Witkowski.
11:02 of 2nd period - Stopped by Alex Stalock without a rebound.
11:03 of 2nd period - Spencer Machacek wins face-off versus Luke Witkowski in Demolitions zone.
11:17 of 2nd period - Penalty to Dmitrij Jaskin is over, Dmitrij Jaskin is back on ice.
12:30 of 2nd period - Penalty to Jake Muzzin is over, Jake Muzzin is back on ice.
12:43 of 2nd period - Snap shot by Nick Cousins.
12:43 of 2nd period - Stopped by Alex Stalock with a rebound.
13:00 of 2nd period - Minor Penalty to Lane MacDermid for Hooking.
13:01 of 2nd period - Vincent Trocheck wins face-off versus Spencer Machacek in Demolitions zone.
13:31 of 2nd period - Jake Muzzin is hit by Daniel Carr and loses puck.
14:04 of 2nd period - Steven Kampfer is hit by Taylor Aronson and loses puck.
15:00 of 2nd period - Penalty to Lane MacDermid is over, Lane MacDermid is back on ice.
15:03 of 2nd period - Wrist shot by Dennis Everberg.
15:03 of 2nd period - Shot Misses the Net.
15:05 of 2nd period - Snap shot by Tommy Vannelli.
15:05 of 2nd period - Stopped by Marek Mazanek without a rebound.
15:06 of 2nd period - Nick Cousins wins face-off versus Dennis Everberg in Sewer Rats zone.
15:17 of 2nd period - Wrist shot by Joshua Leivo.
15:17 of 2nd period - Stopped by Marek Mazanek without a rebound.
15:18 of 2nd period - Nick Cousins wins face-off versus Taylor Beck in Sewer Rats zone.
15:45 of 2nd period - Slapshot by Phil McRae.
15:45 of 2nd period - Stopped by Marek Mazanek without a rebound.
15:46 of 2nd period - Phil McRae wins face-off versus Vincent Trocheck in Sewer Rats zone.
16:20 of 2nd period - Snap shot by Andrej Nestrasil.
16:20 of 2nd period - Shot Misses the Net.
16:22 of 2nd period - Snap shot by Lane MacDermid.
16:22 of 2nd period - Stopped by Marek Mazanek with a rebound.
16:24 of 2nd period - Wrist shot by Lane MacDermid.
16:24 of 2nd period - Deflect By Andrej Nestrasil.
16:24 of 2nd period - Stopped by Marek Mazanek without a rebound.
16:25 of 2nd period - Daultan Leveillé wins face-off versus Nick Cousins in Sewer Rats zone.
16:28 of 2nd period - Wrist shot by Daultan Leveillé.
16:28 of 2nd period - Shot Misses the Net.
16:36 of 2nd period - Slapshot by Spencer Machacek.
16:36 of 2nd period - Stopped by Marek Mazanek with a rebound.
16:59 of 2nd period - Wrist shot by Lane MacDermid.
16:59 of 2nd period - Shot Misses the Net.
17:00 of 2nd period - Minor Penalty to Lane MacDermid for Hooking.
17:01 of 2nd period - Vincent Trocheck wins face-off versus Spencer Machacek in Demolitions zone.
17:28 of 2nd period - Robert Bortuzzo is hit by Jonathan Marchessault.
17:32 of 2nd period - Slapshot by J.T. Brown.
17:32 of 2nd period - Shot Misses the Net.
19:00 of 2nd period - Penalty to Lane MacDermid is over, Lane MacDermid is back on ice.
19:10 of 2nd period - Slapshot by Taylor Beck.
19:10 of 2nd period - Goal by Taylor Beck - Demolitions : 4 - Sewer Rats : 2.
19:10 of 2nd period - Darcy Kuemper enters game.
19:11 of 2nd period - Phil McRae wins face-off versus Vincent Trocheck in neutral zone.
19:41 of 2nd period - Joel Edmundson is hit by Jake Muzzin.
19:45 of 2nd period - Dennis Everberg is hit by Steven Kampfer and loses puck.
Goals for this period are 2 for Demolitions vs 1 for Sewer Rats.
Shots for this period are 11 for Demolitions vs 18 for Sewer Rats.

3rd period


0:01 of 3rd period - Vincent Trocheck wins face-off versus Daultan Leveillé in neutral zone.
0:08 of 3rd period - Snap shot by Tomas Tatar.
0:08 of 3rd period - Shot Misses the Net.
0:10 of 3rd period - Wrist shot by Vincent Trocheck.
0:10 of 3rd period - Goal by Vincent Trocheck - Demolitions : 4 - Sewer Rats : 3.
0:11 of 3rd period - Vincent Trocheck wins face-off versus Daultan Leveillé in neutral zone.
0:22 of 3rd period - Backhand shot by Robert Bortuzzo.
0:22 of 3rd period - Shot Misses the Net.
0:26 of 3rd period - Wrist shot by Daultan Leveillé.
0:26 of 3rd period - Stopped by Darcy Kuemper with a rebound.
0:41 of 3rd period - Jonathan Marchessault is hit by Lane MacDermid and loses puck.
1:04 of 3rd period - Wrist shot by Alex Hutchings.
1:04 of 3rd period - Shot Misses the Net.
1:06 of 3rd period - Slapshot by Robert Bortuzzo.
1:06 of 3rd period - Shot Blocked by Anthony Duclair.
1:08 of 3rd period - Wrist shot by Christoph Bertschy.
1:08 of 3rd period - Stopped by Darcy Kuemper without a rebound.
1:09 of 3rd period - Vincent Trocheck wins face-off versus Daultan Leveillé in Sewer Rats zone.
1:24 of 3rd period - Wrist shot by Tomas Tatar.
1:24 of 3rd period - Shot Blocked by Daultan Leveillé.
2:09 of 3rd period - Slapshot by Nick Cousins.
2:09 of 3rd period - Stopped by Alex Stalock with a rebound.
2:11 of 3rd period - Slapshot by Jarred Tinordi.
2:11 of 3rd period - Stopped by Alex Stalock without a rebound.
2:12 of 3rd period - Vincent Trocheck wins face-off versus Daultan Leveillé in Demolitions zone.
2:13 of 3rd period - Snap shot by Mark Mancari.
2:13 of 3rd period - Shot Blocked by Daultan Leveillé.
2:15 of 3rd period - Backhand shot by Vincent Trocheck.
2:15 of 3rd period - Goal by Vincent Trocheck - Demolitions : 4 - Sewer Rats : 4.
2:16 of 3rd period - Vincent Trocheck wins face-off versus Daultan Leveillé in neutral zone.
3:37 of 3rd period - Slapshot by Dmitrij Jaskin.
3:37 of 3rd period - Goal by Dmitrij Jaskin - Demolitions : 4 - Sewer Rats : 5.
3:38 of 3rd period - Daultan Leveillé wins face-off versus Vincent Trocheck in neutral zone.
3:50 of 3rd period - Daultan Leveillé is hit by Tomas Tatar and loses puck.
4:21 of 3rd period - Icing by Stefan Elliott.
4:22 of 3rd period - Phil McRae wins face-off versus Nick Cousins in Sewer Rats zone.
4:23 of 3rd period - Snap shot by Joshua Leivo.
4:23 of 3rd period - Shot Hit the Post.
4:37 of 3rd period - Off-side.
4:38 of 3rd period - Daultan Leveillé wins face-off versus Vincent Trocheck in neutral zone.
4:49 of 3rd period - Slapshot by Spencer Machacek.
4:49 of 3rd period - Deflect By Daultan Leveillé.
4:49 of 3rd period - Shot Misses the Net.
4:49 of 3rd period - Puck is out of play.
4:50 of 3rd period - Tomas Tatar wins face-off versus Daultan Leveillé in Sewer Rats zone.
4:57 of 3rd period - Daultan Leveillé is hit by Mark Mancari.
6:08 of 3rd period - Snap shot by Christoph Bertschy.
6:08 of 3rd period - Stopped by Darcy Kuemper without a rebound.
6:09 of 3rd period - Daultan Leveillé wins face-off versus Jared McCann in Sewer Rats zone.
6:12 of 3rd period - Snap shot by Taylor Beck.
6:12 of 3rd period - Stopped by Darcy Kuemper without a rebound.
6:13 of 3rd period - Daultan Leveillé wins face-off versus Vincent Trocheck in Sewer Rats zone.
8:29 of 3rd period - Jake Muzzin is hit by Luke Witkowski.
9:10 of 3rd period - Jared McCann is hit by Taylor Aronson.
9:20 of 3rd period - Wrist shot by Nick Cousins.
9:20 of 3rd period - Stopped by Alex Stalock with a rebound.
9:28 of 3rd period - Snap shot by Stefan Elliott.
9:28 of 3rd period - Shot Misses the Net.
9:40 of 3rd period - Ryan Murphy is hit by Joshua Leivo.
9:48 of 3rd period - Minor Penalty to Luke Witkowski for Tripping.
9:49 of 3rd period - Daultan Leveillé wins face-off versus Mark Mancari in Sewer Rats zone.
10:24 of 3rd period - Mark Mancari is hit by Lane MacDermid and loses puck.
11:48 of 3rd period - Penalty to Luke Witkowski is over, Luke Witkowski is back on ice.
11:56 of 3rd period - John Ramage is hit by Michael Ferland and loses puck.
12:07 of 3rd period - Slapshot by Jared McCann.
12:07 of 3rd period - Shot Misses the Net.
12:30 of 3rd period - Icing by Phil McRae.
12:31 of 3rd period - Jared McCann wins face-off versus Phil McRae in Demolitions zone.
13:01 of 3rd period - Off-side.
13:02 of 3rd period - Jonathan Marchessault wins face-off versus Daultan Leveillé in neutral zone.
13:04 of 3rd period - Minor Penalty to Daultan Leveillé for Hooking.
13:05 of 3rd period - Vincent Trocheck wins face-off versus Spencer Machacek in Demolitions zone.
14:43 of 3rd period - Jake Muzzin is hit by Mark Mancari and loses puck.
15:04 of 3rd period - Penalty to Daultan Leveillé is over, Daultan Leveillé is back on ice.
15:34 of 3rd period - J.T. Brown is hit by Dmitrij Jaskin and loses puck.
15:41 of 3rd period - Snap shot by Joseph Blandisi.
15:41 of 3rd period - Stopped by Alex Stalock with a rebound.
16:21 of 3rd period - Connor Carrick is hit by Taylor Aronson and loses puck.
16:44 of 3rd period - Dmitrij Jaskin is hit by Robert Bortuzzo and loses puck.
17:58 of 3rd period - Jonathan Marchessault is hit by Aaron Palushaj and loses puck.
18:55 of 3rd period - Demolitions, Alex Stalock is pulled from the net.
19:17 of 3rd period - Slapshot by Stefan Elliott.
19:17 of 3rd period - Shot Misses the Net.
19:27 of 3rd period - Wrist shot by Tomas Tatar.
19:27 of 3rd period - Shot Misses the Net.
19:29 of 3rd period - Snap shot by Tomas Tatar.
19:29 of 3rd period - Shot Blocked by Taylor Aronson.
19:31 of 3rd period - Slapshot by Stefan Elliott.
19:31 of 3rd period - Shot Misses the Net.
19:35 of 3rd period - Snap shot by Vincent Trocheck.
19:35 of 3rd period - Shot Misses the Net.
19:37 of 3rd period - Wrist shot by Tomas Tatar.
19:37 of 3rd period - Goal by Tomas Tatar - Demolitions : 4 - Sewer Rats : 6.
19:37 of 3rd period - Alex Stalock from Demolitions was sent back in the game.
19:38 of 3rd period - Phil McRae wins face-off versus Dmitrij Jaskin in neutral zone.
19:51 of 3rd period - Icing by Jake Muzzin.
19:52 of 3rd period - Phil McRae wins face-off versus Vincent Trocheck in Demolitions zone.
19:57 of 3rd period - Joshua Leivo is hit by Vincent Trocheck and loses puck.
Goals for this period are 0 for Demolitions vs 4 for Sewer Rats.
Shots for this period are 4 for Demolitions vs 8 for Sewer Rats.